 Dungeon Crawl Stone Soup version 0.13-a0-2995-g9a84c3d (webtiles) character file.

164 4tharraofdagon the Sneak (level 4, 0/21 HPs)
             Began as a Spriggan Enchanter on Sept 8, 2013.
             Succumbed to an adder's poison
             ... on Level 8 of the Dungeon.
             The game lasted 00:03:10 (611 turns).

4tharraofdagon the Sneak (Spriggan Enchanter)        Turns: 611, Time: 00:03:10

HP   0/21        AC  3     Str  4      XL: 4   Next: 16%
MP   4/11        EV 18     Int 23      God:
Gold 85          SH  0     Dex 17      Spells:  2 memorised,  2 levels left

Res.Fire  : . . .   See Invis. : +   a - +1 dagger {=f}
Res.Cold  : . . .   Warding    : .   b - +1 robe
Life Prot.: . . .   Conserve   : .   (shield restricted)
Res.Poison: .       Res.Corr.  : .   (helmet restricted)
Res.Elec. : .       Clarity    : .   (no cloak)
Sust.Abil.: . .     Spirit.Shd : .   (gloves unavailable)
Res.Mut.  : .       Stasis     : .   (boots unavailable)
Res.Rott. : .       Flight     : .   (no amulet)
Saprovore : . . .                    (no ring)
                                     j - +2 ring of intelligence

@: brilliant, mildly poisoned, very slightly contaminated, very quick, slightly
resistant to hostile enchantments, quite stealthy
A: unfitting armour, see invisible, herbivore 3, speed 3, slow metabolism 2
a: no special abilities


You were on level 8 of the Dungeon.
You were not hungry.

You visited 1 branch of the dungeon, and saw 8 of its levels.

You collected 65 gold pieces.

Inventory:

Hand weapons
 a - a +1,+1 dagger (weapon) {=f}
Missiles
 d - 12 darts (quivered)
Armour
 b - a +1 robe (worn)
Comestibles
 g - a bread ration
 i - a banana
Scrolls
 f - 2 scrolls of remove curse {unknown}
 h - a scroll of identify {unknown}
 l - a scroll of curse armour {unknown}
Jewellery
 j - a +2 ring of intelligence (left hand)
Potions
 e - a potion of porridge
Books
 c - a book of Maledictions

   Spells                             Type                      Level
   *Corona                            Hexes                        1
   Sure Blade                         Hexes/Charms                 2
   *Ensorcelled Hibernation           Hexes/Ice                    2
   Confuse                            Hexes                        3
   Enslavement                        Hexes                        4
   Invisibility                       Hexes                        6
Magical staves
 m - an uncursed staff of power {unknown}


   Skills:
 * Level 3.0 Short Blades
 - Level 1.1 Throwing
 - Level 3.0 Dodging
 + Level 4.4 Stealth
 - Level 1.3 Spellcasting
 + Level 4.0 Hexes
 + Level 1.0 Ice Magic


You had 2 spell levels left.
You knew the following spells:

 Your Spells              Type           Power        Failure   Level  Hunger
a - Corona                Hex            ####...      1%          1    #......
b - Ensorcelled Hibernat  Hex/Ice        ####..       1%          2    ###....


Dungeon Overview and Level Annotations

Branches:
Dungeon (8/27)
 Temple: D:4-7          Orc: D:6-11        Lair: D:8-13

Altars:

Shops:
D:6 +

Annotations:
D:6 4tharraofdagon's ghost, average CeHu


Innate Abilities, Weirdness & Mutations

You are tiny and cannot use many weapons and most armour.
You have supernaturally acute eyesight.
You are a herbivore.
You cover ground extremely quickly.
You need consume almost no food.


Message History

The adder resists.
The adder bites you.
* * * LOW HITPOINT WARNING * * *
You are more poisoned.
The adder poisons you! The adder barely misses you.
Casting: Ensorcelled Hibernation
Confirm with . or Enter, or press ? or * to list all spells.
Aiming: Ensorcelled Hibernation
Press: ? - help, Shift-Dir - straight line, f/p - adder
Aim: an adder The adder easily resists.
The adder bites you.
* * * LOW HITPOINT WARNING * * *
You are more poisoned.
The adder poisons you!
Casting: Ensorcelled Hibernation
Confirm with . or Enter, or press ? or * to list all spells.
Okay, then.
Drink which item? (? for menu, Esc to quit)
You feel more clever all of a sudden.
It was a potion of brilliance.
You die...

#.# #.# # #.# #.
#.# ###.# #.# ###
............
......#.#.#####
...$............#
.......S@#
.....>...#
.........
..........
....#####.# #.#
.# . .# #


You could see an adder.

Vanquished Creatures
  A giant frog (D:7)
  An adder (D:4)
  A giant gecko (D:1)
  An orc (D:6)
  4 bats
  A quokka (D:4)
  2 giant newts
11 creatures vanquished.

Notes
Turn   | Place    | Note
--------------------------------------------------------------
     0 | D:1      | 4tharraofdagon, the Spriggan Enchanter, began the quest for the Orb.
     0 | D:1      | Reached XP level 1. HP: 9/9 MP: 4/4
   206 | D:4      | Reached XP level 2. HP: 7/13 MP: 4/6
   210 | D:4      | Learned a level 2 spell: Ensorcelled Hibernation
   351 | D:5      | Entered Level 5 of the Dungeon
   354 | D:5      | Noticed a centaur
   457 | D:6      | Noticed a wight
   458 | D:6      | Noticed a wight
   521 | D:6      | Found Wiocwiremp's Book Shop.
   559 | D:6      | Noticed 4tharraofdagon's ghost (average CeHu)
   590 | D:7      | Noticed a hippogriff
   593 | D:7      | Noticed a giant frog
   597 | D:7      | Killed a giant frog
   597 | D:7      | Reached skill level 4 in Stealth
   597 | D:7      | Reached skill level 1 in Ice Magic
   597 | D:7      | Reached XP level 3. HP: 6/16 MP: 9/9
   597 | D:7      | Reached XP level 4. HP: 7/21 MP: 11/11
   610 | D:8      | HP: 1/21 [adder (2)]
   611 | D:8      | Succumbed to an adder's poison

Action                   |  1- 3 |  4- 6 || total
-------------------------+-------+-------++-------
Melee: Dagger            |    27 |       ||    27
Throw: Dart              |     3 |       ||     3
 Cast: Corona            |     6 |       ||     6
       Ensorcelled Hiber |     2 |     3 ||     5
  Use: Potion            |       |     1 ||     1
 Stab: Sleeping          |     6 |       ||     6
